 Dungeon Crawl Stone Soup version 0.30-a0-956-gcec3b41aec (webtiles) character file.

Game seed: 2832157184839922662

580 sircluck the Poker (level 7, -1/56 HPs)
             Began as a Gnoll Reaver on Mar 29, 2023.
             Slain by an orc warrior
             ... wielding a +0 long sword
              (9 damage)
             ... on level 4 of the Dungeon.
             The game lasted 00:08:39 (4047 turns).

sircluck the Poker (Gnoll Reaver)                   Turns: 4047, Time: 00:08:39

Health: -1/56      AC: 23    Str: 14    XL:     7   Next: 36%
Magic:  24/24      EV:  4    Int: 12    God:
Gold:   178        SH:  6    Dex: 13    Spells: 16/17 levels left

rFire   . . .      SeeInvis .    y - +0 war axe
rCold   . . .      Faith    .    s - +2 buckler
rNeg    . . .      Spirit   .    t - +11 plate armour "Ydghixt" {Harm rC- Dex+3}
rPois   .          Reflect  .    (no helmet)
rElec   .          Rampage  .    (no cloak)
rCorr   .          Harm     + .  (no gloves)
Will    .....                    j - +0 pair of boots Stlth
                                 (no amulet)
HPRegen 0.29/turn                f - ring of protection from cold
MPRegen 0.19/turn                w - ring of magical power

@: no status effects
A: fangs 1, strong nose, distributed training
a: no special abilities


You were on level 4 of the Dungeon.
You visited 1 branch of the dungeon, and saw 5 of its levels.

You collected 178 gold pieces.

Inventory:

Hand Weapons
 a - a +0 spear
 y - a +0 war axe (weapon)
Missiles
 e - 48 stones
 i - 13 poisoned darts
Armour
 b - a +0 leather armour
 j - a +0 pair of boots (worn)
 s - a +2 buckler (worn)
 t - the +11 plate armour "Ydghixt" (worn) {Harm rC- Dex+3}
   (You found it on level 3 of the Dungeon)

   Dex:       It affects your dexterity (+3).
   rC:        It makes you vulnerable to cold.
   Harm:      It increases damage dealt and taken.
Jewellery
 c - a ring of wizardry
 f - a ring of protection from cold (left hand)
 r - a ring of fire
 u - an amulet of reflection
 w - a ring of magical power (right hand)
 x - a ring of protection from fire
Wands
 v - a wand of flame (14)
 z - a wand of polymorph (5)
 A - a wand of digging (4)
Scrolls
 m - a scroll of silence
 n - 2 scrolls of teleportation
 o - 3 scrolls of identify
Potions
 d - 4 potions of curing
 g - a potion of magic {unknown}
 h - a potion of might {unknown}
 k - a potion of ambrosia {unknown}
 l - 3 potions of lignification {unknown}
 p - 2 potions of brilliance {unknown}
 q - a potion of degeneration {unknown}


   Skills:
 + Level 5.2 Fighting
 + Level 2.5 Short Blades
 + Level 2.5 Long Blades
 + Level 2.5 Axes
 + Level 2.5 Maces & Flails
 + Level 7.0 Polearms
 + Level 2.5 Staves
 + Level 2.5 Ranged Weapons
 + Level 2.5 Throwing
 + Level 2.5 Armour
 + Level 5.2 Dodging
 + Level 2.5 Stealth
 + Level 2.5 Shields
 + Level 2.5 Unarmed Combat
 + Level 5.6 Spellcasting
 + Level 5.8 Conjurations
 + Level 2.0 Hexes
 + Level 2.0 Summonings
 + Level 2.0 Necromancy
 + Level 2.0 Translocations
 + Level 2.0 Transmutations
 + Level 2.0 Fire Magic
 + Level 2.0 Ice Magic
 + Level 2.0 Air Magic
 + Level 2.0 Earth Magic
 + Level 2.0 Poison Magic
 + Level 2.8 Invocations
 + Level 2.5 Evocations


You had 16 spell levels left.
You knew the following spells:

 Your Spells              Type           Power      Damage    Failure   Level
a - Kiss of Death         Conj/Necr      48%        2d9       99%         1

Your spell library contained the following spells:

 Spells                   Type           Power      Damage    Failure   Level
 Momentum Strike          Conj/Tloc      24%        3d8       100%        2
 Hailstorm                Conj/Ice       12%        3d5       100%        3


Dungeon Overview and Level Annotations

Branches:
Dungeon (5/15)
 Temple: D:4-7

Altars:
The Shining One


Innate Abilities, Weirdness & Mutations

You have very sharp teeth.
Your uncanny sense of smell can sniff out nearby items.
Your experience applies equally to all skills.


Message History

The orc warrior is moderately wounded.
You hit the orc priest. You block the orc warrior's attack.
The orc priest mumbles some strange prayers to Beogh against you.
Beogh smites you! You block the orc warrior's attack.
The orc priest hits you but does no damage.
You barely miss the orc warrior.
The orc warrior is moderately wounded.
You hit the orc priest.
The orc warrior hits you but does no damage.
You block the orc priest's attack.
You hit the orc priest.
You kill the orc priest!
You barely miss the orc warrior. You block the orc warrior's attack.
The orc warrior hits you but does no damage.
You barely miss the orc warrior.
The orc warrior is moderately wounded.
You block the orc warrior's attack.
You barely miss the orc warrior.
The orc warrior is moderately wounded.
The orc warrior hits you but does no damage. x2
You barely miss the orc warrior.
The orc warrior is moderately wounded.
The orc warrior hits you but does no damage.
You slash the orc warrior!
You bite the orc warrior, but do no damage.
The orc warrior is severely wounded.
The orc warrior completely misses you.
You closely miss the orc warrior.
The orc warrior is severely wounded.
The orc warrior hits you with a +0 long sword.
* * * LOW HITPOINT WARNING * * *
The orc warrior hits you but does no damage.
You closely miss the orc warrior.
The orc warrior is severely wounded.
The orc warrior hits you with a +0 long sword!
* * * LOW HITPOINT WARNING * * *
You barely miss the orc warrior.
The orc warrior is severely wounded.
The orc warrior hits you with a +0 long sword!
You die...

...#...#.##.......#####....#....#
....#.##########.....#######....#
....#..........#.....#.....#....#
....#..........#.....'....)#....#
....#..........#.....#######....#
....#..........#................#
....#....##....#................#
....#....##....#................#
....#....#.....#@<..............#
....#....'.....#o....#'##########
....##'####....#.....#.......#...
..........#....#.....+.......#...
..........#....#.....#..##..#####
..........#....#.....#..##..###.#
..........#....#.....'.......#..#
..........#....#.....#.......#..#
..........#....#.....#..###.###'#


You could see an orc warrior.

Vanquished Creatures
  Sigmund (D:3)
  3 scorpions (D:4)
  A hound (D:4)
  A jelly (D:4)
  An orc priest (D:4)
  A sleepcap (D:4)
  An iguana (D:4)
  2 adders
  A worm (D:2)
  4 dart slugs
  9 orcs
  3 bats
  5 endoplasms
  5 giant cockroaches
  4 goblins
  5 hobgoblins
  6 jackals
  3 kobolds
  2 quokkas (D:4)
  4 ball pythons
  A frilled lizard (D:1)
  4 rats
67 creatures vanquished.

Notes
Turn   | Place    | Note
-------+----------+-------------------------------------------
     0 | D:1      | sircluck the Gnoll Reaver began the quest for the Orb.
     0 | D:1      | Reached XP level 1. HP: 20/20 MP: 6/6
    75 | D:1      | Found a faded altar of an unknown god.
   216 | D:1      | Reached XP level 2. HP: 26/26 MP: 7/7
   618 | D:1      | Reached skill level 5 in Spellcasting
   618 | D:1      | Reached XP level 3. HP: 31/31 MP: 7/9
  1055 | D:2      | Reached skill level 1 in Invocations
  1297 | D:2      | Reached skill level 1 in Short Blades
  1297 | D:2      | Reached skill level 1 in Long Blades
  1297 | D:2      | Reached skill level 1 in Axes
  1297 | D:2      | Reached skill level 1 in Maces & Flails
  1297 | D:2      | Reached skill level 1 in Staves
  1297 | D:2      | Reached skill level 1 in Ranged Weapons
  1297 | D:2      | Reached skill level 1 in Throwing
  1297 | D:2      | Reached skill level 1 in Armour
  1297 | D:2      | Reached skill level 1 in Stealth
  1297 | D:2      | Reached skill level 1 in Shields
  1297 | D:2      | Reached skill level 1 in Unarmed Combat
  1297 | D:2      | Reached skill level 1 in Evocations
  1381 | D:2      | Reached XP level 4. HP: 38/38 MP: 11/11
  1756 | D:3      | Reached skill level 1 in Hexes
  1756 | D:3      | Reached skill level 1 in Summonings
  1756 | D:3      | Reached skill level 1 in Necromancy
  1756 | D:3      | Reached skill level 1 in Translocations
  1756 | D:3      | Reached skill level 1 in Transmutations
  1756 | D:3      | Reached skill level 1 in Fire Magic
  1756 | D:3      | Reached skill level 1 in Ice Magic
  1756 | D:3      | Reached skill level 1 in Air Magic
  1756 | D:3      | Reached skill level 1 in Earth Magic
  1756 | D:3      | Reached skill level 1 in Poison Magic
  2037 | D:3      | Noticed Sigmund
  2046 | D:3      | Killed Sigmund
  2047 | D:3      | Reached XP level 5. HP: 20/43 MP: 9/12
  2047 | D:3      | Reached XP level 6. HP: 23/50 MP: 10/14
  2051 | D:3      | Identified the +11 plate armour "Ydghixt" {Harm rC- Dex+3}
  2552 | D:4      | Found a glowing golden altar of the Shining One.
  2630 | D:4      | Reached skill level 5 in Fighting
  2630 | D:4      | Reached skill level 5 in Dodging
  3452 | D:4      | Reached skill level 7 in Polearms
  3452 | D:4      | Reached XP level 7. HP: 56/56 MP: 15/15
  3790 | D:5      | Entered Level 5 of the Dungeon
  4047 | D:4      | Slain by an orc warrior

Illustrated notes

Levels and vault maps discovered:
D:1:      pf_arrival_petrified_forest, layout_basic,
          dilly_ecumenical_altar_fadedgnrine, chequers_serial_rivers_large_a
D:2:      layout_loops_cross
D:3:      layout_basic, hangedman_decor_riveting, uniq_sigmund
D:4:      layout_gridville, tso_metal_star, minmay_box_of_dots
D:5:      layout_basic, grunt_ministairs_3, minivault_1,
          lexackson_kobold_supper, uniq_edmund, uniq_pikel, uniq_grinder,
          uniq_blork_the_orc

Skill      XL: |  1  2  3  4  5  6  7 |
---------------+----------------------+-----
Spellcasting   | 5 |  5.6
Invocations    | 1 2 |  2.8
Short Blades   | 1 2 |  2.5
Long Blades    | 1 2 |  2.5
Axes           | 1 2 |  2.5
Maces & Flails | 1 2 |  2.5
Staves         | 1 2 |  2.5
Ranged Weapons | 1 2 |  2.5
Throwing       | 1 2 |  2.5
Armour         | 1 2 |  2.5
Stealth        | 1 2 |  2.5
Shields        | 1 2 |  2.5
Unarmed Combat | 1 2 |  2.5
Evocations     | 1 2 |  2.5
Hexes          | 1 2 |  2.0
Summonings     | 1 2 |  2.0
Necromancy     | 1 2 |  2.0
Translocations | 1 2 |  2.0
Transmutations | 1 2 |  2.0
Fire Magic     | 1 2 |  2.0
Ice Magic      | 1 2 |  2.0
Air Magic      | 1 2 |  2.0
Earth Magic    | 1 2 |  2.0
Poison Magic   | 1 2 |  2.0
Fighting       | 5 |  5.2
Dodging        | 5 |  5.2
Polearms       | 7 |  7.0
Conjurations   | |  5.8

Action                     |  1- 3 |  4- 6 |  7- 9 || total
---------------------------+-------+-------+-------++-------
  Melee: Spear             |   149 |   185 |    29 ||   363
         Bite              |    14 |    16 |     6 ||    36
         Punch             |     3 |       |       ||     3
         War axe           |       |       |    18 ||    18
   Cast: Kiss of Death     |       |     2 |       ||     2
    Use: Potion            |     1 |     1 |       ||     2
         Scroll            |       |     4 |     1 ||     5
   Stab: Sleeping          |     4 |     2 |       ||     6
 Armour: Leather armour    |    28 |     8 |       ||    36
         Plate armour      |       |    66 |    29 ||    95
  Dodge: Dodged            |    63 |    24 |     9 ||    96
  Block: Buckler           |       |    28 |    13 ||    41

Table legend: (Time is in decaauts)
 A = Elapsed time spent in this place.
 B = Non-inter-level travel time spent in this place.
 C = Inter-level travel time spent in this place.
 D = Time resting spent in this place.
 E = Time spent auto-exploring this place.
 F = Levels seen in this place.
 G = Mean time per level.
                   A        B        C        D        E       F      G
               +--------+--------+--------+--------+--------+-----+--------+
         Total |   3994 |   3722 |    272 |    411 |   2551 |   5 |  798.8 |
       Dungeon |   3994 |   3722 |    272 |    411 |   2551 |   5 |  798.8 |
               +--------+--------+--------+--------+--------+-----+--------+

Top non-repeatable levels by time:
     D:4: 1615 daAuts
     D:1: 913 daAuts
     D:3: 757 daAuts
     D:2: 704 daAuts
     D:5: 3 daAuts
